AoeStats
← santrex.be

Lombardia

509752054Analyzed
3v3 RM · 3d ago on Sep 27, 2026· 48m 15s· 6 players
Game mode
Random Map
Map size
Normal (6 player)
Population
200
Speed
Normal
Resources
Standard
Victory
Conquest
Starting age
Dark Age
Ending age
Imperial Age
RankedLock teamsTeams togetherTeam positionsShared explorationLock speedFull tech treeHidden civsTurbo modeCheats
Victory
Defeat
🇷🇴 Danes · Romania
1119
+9
🇧🇪 Varangians · Belgium
963
+15
🇧🇪 Japanese · Belgium
872
+20
🇺🇸 Japanese · United States
964
-15
🇺🇸 Japanese · United States
964
-15
🇺🇸 Japanese · United States
935
-20
Staleness
8:54 Feudal Age
9:24 Double-Bit Axe
11:02 Loom
12:13 Gold Mining
13:00 Wheelbarrow
16:14 Stone Mining
20:00 Town Watch
23:49 Castle Age
24:44 Bow Saw
24:32 Horse Collar
24:36 Pikeman
25:03 Gambesons
25:40 Forging
25:51 Scale Mail Armor
26:25 Hand Cart
29:12 Iron Casting
29:52 Bloodlines
29:44 Husbandry
29:54 Scale Barding Armor
29:54 Squires
29:59 Town Patrol
34:49 Chain Barding Armor
34:32 Crossbowman
36:17 Fletching
42:34 Thumb Ring
42:30 Bodkin Arrow
44:36 Elite Skirmisher
50:51 Imperial Age
snake
11:37 Feudal Age
12:15 Horse Collar
12:24 Double-Bit Axe
16:42 Castle Age
16:15 Wheelbarrow
15:53 Stone Mining
17:39 Loom
31:40 Crossbowman
32:13 Fletching
33:13 Hand Cart
36:43 Thumb Ring
40:35 Imperial Age
37:54 Town Watch
39:29 Ballistics
39:08 Murder Holes
39:13 Bodkin Arrow
39:19 Padded Archer Armor
41:06 Town Patrol
40:52 Loom
41:53 Yasama
41:42 Arbalester
45:17 Kataparuto
44:56 Gambesons
45:13 Squires
46:26 Scale Mail Armor
46:37 Forging
46:49 Bracer
Chill Maister
10:37 Feudal Age
11:05 Man-at-Arms
15:55 Forging
20:58 Castle Age
21:10 Long Swordsman
21:52 Horse Collar
21:59 Double-Bit Axe
25:06 Stone Mining
24:55 Pikeman
31:48 Scale Mail Armor
31:54 Scale Barding Armor
33:19 Bloodlines
33:08 Light Cavalry
34:31 Chain Barding Armor
35:27 Iron Casting
36:20 Bow Saw
40:41 Imperial Age
38:04 Elite Skirmisher
santrex.be
6:38 Loom
11:01 Feudal Age
17:11 Castle Age
15:47 Double-Bit Axe
16:45 Horse Collar
17:01 Stone Mining
22:59 Wheelbarrow
24:57 Gold Mining
25:25 Bow Saw
27:09 Heavy Plow
27:48 Fortified Wall
28:27 Masonry
29:07 Ballistics
29:31 Forging
30:37 Fletching
30:48 Padded Archer Armor
30:12 Crossbowman
31:27 Hand Cart
32:33 Bodkin Arrow
36:20 Imperial Age
34:49 Leather Archer Armor
35:10 Iron Casting
35:28 Thumb Ring
35:27 Murder Holes
36:37 Arbalester
37:25 Bracer
44:10 Ring Archer Armor
44:42 Two-Man Saw
44:44 Blast Furnace
43:26 Treadmill Crane
44:46 Chemistry
44:34 Town Watch
44:38 Arrowslits
45:36 Gold Shaft Mining
✪ GiBiG
6:43 Loom
10:03 Feudal Age
12:05 Double-Bit Axe
15:02 Horse Collar
21:17 Castle Age
22:00 Bloodlines
22:59 Husbandry
23:34 Forging
23:24 Scale Mail Armor
23:47 Padded Archer Armor
24:14 Town Watch
25:45 Scale Barding Armor
28:01 Wheelbarrow
28:31 Heavy Plow
28:36 Gold Mining
31:35 Squires
31:20 Gambesons
31:21 Arson
33:09 Chain Mail Armor
35:45 Town Patrol
36:00 Hand Cart
35:49 Town Patrol
40:34 Imperial Age
38:24 Fortified Wall
38:17 Stone Mining
42:04 Elite Varangian Guard
43:20 Leather Archer Armor
43:54 Iron Casting
43:49 Plate Mail Armor
46:45 Blast Furnace
47:28 Ring Archer Armor
Telepateu
7:27 Loom
9:47 Feudal Age
10:29 Double-Bit Axe
10:19 Man-at-Arms
14:41 Scale Mail Armor
22:30 Forging
25:54 Castle Age
24:26 Horse Collar
24:35 Arson
24:58 Gold Mining
27:31 Bow Saw
27:28 Heavy Plow
28:30 Chain Mail Armor
29:26 Wheelbarrow
29:48 Stone Mining
32:12 Squires
31:54 Pikeman
33:52 Fletching
35:55 Hand Cart
36:40 Iron Casting
36:02 Bodkin Arrow
42:07 Hamask
47:18 Imperial Age
46:59 Padded Archer Armor
49:09 Blast Furnace
48:40 Plate Mail Armor
Connection lost

Rejoining the realm…

Still unreachable

The connection could not be restored.

Session expired

The server has moved on; the page needs a fresh start.